 Dungeon Crawl Stone Soup version 0.30.1-11-g7821555f0a (webtiles) character file.

Game seed: 5504545381177224169

44 Okkudo the Chopper (level 3, -1/33 HPs)
             Began as a Hill Orc Monk on Dec 6, 2023.
             Succumbed to a scorpion's poison
             ... on level 3 of the Dungeon.
             The game lasted 00:08:22 (1384 turns).

Okkudo the Chopper (Hill Orc Monk)                  Turns: 1384, Time: 00:08:23

Health: -1/33      AC:  2    Str: 15    XL:     3   Next: 60%
Magic:  3/3        EV: 13    Int: 10    God:
Gold:   144        SH:  0    Dex: 19    Spells: 2/2 levels left

rFire   . . .        a - +0 hand axe
rCold   . . .        d - orb {light}
rNeg    . . .        b - +0 robe
rPois   .            (no helmet)
rElec   .            (no cloak)
rCorr   .            (no gloves)
SInv    .            (no boots)
Will    .....        (no amulet)
Stlth   +            g - +6 ring of dexterity
HPRegen 0.25/turn    (no ring)
MPRegen 0.08/turn

%: no passive effects
@: lethally poisoned (-1 -> -13), glowing
A: no striking features
a: no special abilities


You were on level 3 of the Dungeon.
You visited 1 branch of the dungeon, and saw 4 of its levels.

You collected 144 gold pieces.

Inventory:

Hand Weapons
 a - a +0 hand axe (weapon)
Missiles
 m - 5 poisoned darts (quivered)
Armour
 b - a +0 robe (worn)
 d - an orb of light (worn)
Jewellery
 g - a +6 ring of dexterity (left hand)
Scrolls
 e - a scroll of enchant armour {unknown}
 f - 2 scrolls of identify {unknown}
 h - a scroll of torment {unknown}
 i - a scroll of teleportation {unknown}
 k - a scroll of vulnerability {unknown}
 n - a scroll of blinking {unknown}
Potions
 c - a potion of ambrosia
 j - a potion of degeneration {unknown}
 l - a potion of curing {unknown}


   Skills:
 + Level 4.2 Fighting
 * Level 5.4 Axes
 - Level 2.4 Dodging


You had 2 spell levels left.
You didn't know any spells.
Your spell library contained the following spells:

 Spells                   Type           Power      Damage    Failure   Level
 Static Discharge         Conj/Air       0%         2-2/arc   50%         2
 Airstrike                Air            0%         2d(0-16)  98%         4
 Summon Lightning Spire   Summ/Air       0%         N/A       98%         4


Dungeon Overview and Level Annotations

Branches:
Dungeon (4/15)             Temple (0/1) D:4

Altars:


Message History

n - a scroll labelled TIM UFEKLIUCO
Found 10 gold pieces.
You now have 144 gold pieces (gained 10).
A scorpion comes into view.
Found a stone staircase leading up.
The scorpion closely misses you.
You hit the scorpion.
The scorpion is lightly wounded.
The scorpion closely misses you.
You hit the scorpion but do no damage.
The scorpion is lightly wounded.
The scorpion stings you but does no damage. x2
You hit the scorpion but do no damage.
The scorpion is lightly wounded.
The scorpion stings you! The scorpion stings you. The scorpion misses you.
There is a stone staircase leading up here.
The scorpion barely misses you.
You climb upwards.
There is a stone staircase leading down here.
A rat comes into view.
The scorpion attacks as you move away! The scorpion closely misses you. x2
Found 7 gold pieces.
The scorpion stings you.
You are poisoned.
The scorpion poisons you! The scorpion attacks as you move away!
The scorpion stings you.
You feel very sick.
You feel sick. The scorpion stings you. The scorpion attacks as you move away!
The scorpion barely misses you.
You feel sick.
You feel sick. The scorpion attacks as you move away! The scorpion stings you.
* * * LOW HITPOINT WARNING * * *
You are lethally poisoned!
The scorpion poisons you!
* * * LOW HITPOINT WARNING * * *
You feel very sick.
You die...

###......# #
#.....#..######
.#.............
##..#.#.......
#...#.#.......
#..r#.#.......
#...s.#.......
##..#........#
##.#@##......
..#$# ....
####.# .. #..
###


You could see a scorpion and a rat.

Vanquished Creatures
  A worm (D:2)
  A dart slug (D:1)
  3 ball pythons
  2 bats (D:2)
  11 endoplasms
  A goblin (D:1)
  4 hobgoblins
  5 kobolds
  A quokka (D:2)
  A frilled lizard (D:2)
  6 rats
36 creatures vanquished.

Notes
Turn   | Place    | Note
-------+----------+-------------------------------------------
     0 | D:1      | Okkudo the Hill Orc Monk began the quest for the Orb.
     0 | D:1      | Reached XP level 1. HP: 19/19 MP: 1/1
   160 | D:1      | Reached XP level 2. HP: 27/27 MP: 2/2
   428 | D:1      | Reached skill level 5 in Axes
   436 | D:1      | Reached XP level 3. HP: 21/33 MP: 3/3
  1146 | D:2      | You fall into a shaft and drop 2 floors!
  1146 | D:4      | Found a staircase to the Ecumenical Temple.
  1361 | D:4      | Noticed a scorpion
  1383 | D:3      | HP: 1/33 [poisoned by a scorpion]
  1384 | D:3      | Succumbed to a scorpion's poison

Illustrated notes

Levels and vault maps discovered:
D:1:      wander_arrival_fairy_ring, layout_loops_ring
D:2:      layout_basic, basic_altar
D:3:      layout_basic, demons_altar, amcnicky_altar_gilded
D:4:      layout_loops_ring, temple_green

Skill      XL: |  1  2 |
---------------+-------+-----
Fighting       | 4 |  4.2
Axes           | 5 |  5.4
Dodging        | |  2.4

Action                     || total
---------------------------++-------
  Melee: Hand axe          ||    88
 Armour: Robe              ||    18
  Dodge: Dodged            ||    70
